 Dungeon Crawl Stone Soup version 0.17-a0-2108-g65e8068 (webtiles) character file.

84 Kromin the Chopper (level 4, -1/60 HPs)
             Began as a Minotaur Berserker on Oct 19, 2015.
             Was a Believer of Trog.
             Slain by Crazy Yiuf
             ... wielding a +4 quarterstaff of chaos
              (8 damage)
             ... on level 2 of the Dungeon.
             The game lasted 00:02:55 (1523 turns).

Kromin the Chopper (Minotaur Berserker)             Turns: 1523, Time: 00:02:55

Health: -1/60      AC:  2    Str: 27    XL:     4   Next: 23%
Magic:  0/3        EV: 12    Int:  4    God:    Trog [**....]
Gold:   102        SH:  0    Dex: 10    Spells: 0 memorised, 3 levels left

rFire  . . .     SeeInvis .     a - +0 hand axe
rCold  . . .     Clarity  .     b - +0 animal skin
rNeg   . . .     SustAt   +     (no shield)
rPois  .         Gourm    .     (helmet restricted)
rElec  .         Spirit   .     (no cloak)
rCorr  .         Warding  .     (no gloves)
rMut   .         Stasis   .     (no boots)
MR     .....                    (no amulet)
Stlth  ..........               o - ring of sustain attributes
                                k - +4 ring of slaying

@: berserking, slowed, drained, not resistant to hostile enchantments, extremely
unstealthy
A: retaliatory headbutt, horns 2
a: Berserk, Trog's Hand, Burn Spellbooks, Renounce Religion


You were on level 2 of the Dungeon.
You worshipped Trog.
Trog was pleased with you.
You were not hungry.

You visited 1 branch of the dungeon, and saw 2 of its levels.

You collected 102 gold pieces.

Inventory:

Hand Weapons
 a - a +0 hand axe (weapon)
Armour
 b - a +0 animal skin (worn)
Jewellery
 k - a +4 ring of slaying (left hand)
 o - a ring of sustain attributes (right hand)
Wands
 j - a wand of random effects (22)
Scrolls
 g - 2 scrolls of magic mapping {unknown}
 h - 2 scrolls of blinking {unknown}
 i - a scroll of enchant armour {unknown}
 l - a scroll of fog {unknown}
 n - a scroll of identify {unknown}
Potions
 d - a potion of curing {unknown}
 e - 2 potions of agility {unknown}
Comestibles
 c - 2 bread rations
 f - 8 fruits
 m - a meat ration
 p - a chunk of flesh


   Skills:
 - Level 3.9(3.6) Fighting
 + Level 5.9(5.5) Axes
 - Level 2.6(2.3) Armour
 - Level 2.2(1.9) Dodging


You had 3 spell levels left.
You didn't know any spells.

Dungeon Overview and Level Annotations

Branches:
Dungeon (2/15)

Altars:
Xom

Annotations:
D:2 Crazy Yiuf


Innate Abilities, Weirdness & Mutations

You reflexively headbutt those who attack you in melee.
You have a pair of horns on your head.


Message History

Crazy Yiuf is lightly wounded.
You hit Crazy Yiuf. You headbutt Crazy Yiuf!
Crazy Yiuf is almost dead.
Crazy Yiuf hits you with a quarterstaff of chaos.
You feel drained.
You hit Crazy Yiuf.
Crazy Yiuf is almost dead.
Crazy Yiuf hits you with a quarterstaff of chaos!
You feel your power leaking away.
You closely miss Crazy Yiuf.
Crazy Yiuf is almost dead.
Crazy Yiuf hits you with a quarterstaff of chaos!
* * * LOW HITPOINT WARNING * * *
You feel yourself slow down.
Use which ability?
A red film seems to cover your vision as you go berserk!
You feel yourself moving faster!
You feel mighty!
You feel somewhat more hungry.
Crazy Yiuf hits you with a quarterstaff of chaos!
You die...

#.#####........#
#..............#
########.......#
# #.......## #
#####
#........###
#..)#
#.........##
#...#
#.......#...
#.g.#
#..........† #@#
#.##########
♣♣.♣ #.# # ♣.♣♣
#.# # ♣♣.♣ #.# #
♣.♣♣ #.# # ♣♣.♣♣
#.# # ♣...♣♣ #.#
♣....♣ #.#
#....# #.#


You could see Crazy Yiuf.

Vanquished Creatures
  2 adders (D:2)
  4 worms (D:2)
  A giant gecko (D:2)
  9 bats
  3 giant cockroaches
  5 goblins
  6 hobgoblins
  6 jackals (D:2)
  5 kobolds
  3 ball pythons
  A giant newt (D:1)
  5 rats
50 creatures vanquished.

Notes
Turn   | Place    | Note
--------------------------------------------------------------
     0 | D:1      | Kromin the Minotaur Berserker began the quest for the Orb.
     0 | D:1      | Reached XP level 1. HP: 19/19 MP: 0/0
   224 | D:1      | Reached XP level 2. HP: 27/27 MP: 1/1
   233 | D:1      | Reached skill level 4 in Axes
   727 | D:2      | Found a shimmering altar of Xom.
   733 | D:2      | Reached XP level 3. HP: 18/33 MP: 2/2
   736 | D:2      | Reached ** piety under Trog
   739 | D:2      | HP: 1/33 [goblin/club (4)]
   993 | D:2      | Reached skill level 5 in Axes
  1421 | D:2      | Reached XP level 4. HP: 38/40 MP: 3/3
  1516 | D:2      | Noticed Crazy Yiuf
  1523 | D:2      | Slain by Crazy Yiuf

Vault maps used:
D:1:      roderic_crop_circles_arrival_small, kennysheep_minor_cross
D:2:      xom_butterflies, hangedman_decor_growths, minmay_cupped,
          uniq_crazy_yiuf_cottage

Action                   |  1- 3 |  4- 6 || total
-------------------------+-------+-------++-------
Melee: Hand axe          |   100 |    12 ||   112
Invok: Berserk           |     1 |     1 ||     2
 Stab: Sleeping          |     1 |     1 ||     2
  Eat: Chunk             |     2 |     1 ||     3
